AoeStats
← Brown Sugar

Arabia

508332690Analyzed
1v1 RM · 9d ago on Sep 22, 2026· 23m 24s· 2 players
Game mode
Random Map
Map size
Tiny (2 player)
Population
200
Speed
Normal
Resources
Standard
Victory
Conquest
Starting age
Dark Age
Ending age
Imperial Age
RankedLock teamsTeams togetherTeam positionsShared explorationLock speedFull tech treeHidden civsTurbo modeCheats
Victory
Defeat
🇺🇸 Bengalis · United States
876
+16
🇺🇸 Goths · United States
875
-16
bobpfef
1:06 Loom
10:25 Feudal Age
10:55 Double-Bit Axe
12:17 Man-at-Arms
13:22 Horse Collar
19:59 Wheelbarrow
21:17 Fletching
21:28 Scale Mail Armor
21:28 Padded Archer Armor
22:30 Town Watch
Brown Sugar
9:53 Feudal Age
8:13 Loom
14:26 Castle Age
18:21 Double-Bit Axe
Connection lost

Rejoining the realm…

Still unreachable

The connection could not be restored.

Session expired

The server has moved on; the page needs a fresh start.